 Dungeon Crawl Stone Soup version 0.29.0-4-gdea44cf6ec (webtiles) character file.

Game seed: 3789175171701049527

179828 qw the Severer (level 18, 0/119 HPs)
             Began as a Gargoyle Berserker on Sept 4, 2022.
             Was a High Priest of Trog.
             Killed by divine providence
             ... invoked by an orc priest
              (11 damage)
             ... on level 2 of the Orcish Mines.
             The game lasted 00:12:40 (30675 turns).

qw the Severer (Gargoyle Berserker)                Turns: 30675, Time: 00:12:40

Health: 0/119      AC: 56    Str: 31    XL:     18   Next: 25%
Magic:  18/18      EV: 12    Int:  4    God:    Trog [*****.]
Gold:   1010       SH: 19    Dex:  9    Spells: 17/17 levels left

rFire   + . .      SeeInvis .   p - +2 broad axe (freeze)
rCold   . . .      Faith    .   m - +2 kite shield
rNeg    + . .      Spirit   .   a - +10 plate armour of Tyuwuju {rF+ Str+2 Int-4}
rPois   inf        Reflect  +   h - +1 helmet
rElec   +          Harm     .   n - +2 cloak {rPois}
rCorr   .          Rampage  .   y - +1 pair of gloves "Sikh" {rPois}
Will    +....      Clarity  +   f - +0 pair of boots
Stlth   ..........              o - amulet of reflection
HPRegen 0.29/turn               c - +4 ring of protection
MPRegen 0.16/turn               w - +4 ring of evasion

@: about to teleport, marked, on berserk cooldown, flying, slowed, very slow
A: sickness immunity, AC +13, big wings, negative energy resistance 1,
electricity resistance, torment resistance 1, petrification resistance,
iridescent scales 1, clarity
a: Renounce Religion, Berserk, Trog's Hand, Brothers in Arms


You were on level 2 of the Orcish Mines.
You worshipped Trog.
Trog was extremely pleased with you.
You visited 3 branches of the dungeon, and saw 22 of its levels.
You also visited: Gauntlet.

You collected 2045 gold pieces.
You spent 1035 gold pieces at shops.


Innate Abilities, Weirdness & Mutations

You are immune to sickness and miasma.
Your stone body is resilient. (AC +13)
You are immune to poison.
Your large and strong wings let you fly.
You resist negative energy. (rN+)
You are resistant to electric shocks. (rElec)
You are resistant to unholy torment.
You are immune to petrification.
You are partially covered in iridescent scales. (AC +2)
You possess an exceptional clarity of mind.


   Skills:
 - Level 15.3 Fighting
 + Level 16.4 Axes
 - Level 7.0 Throwing
 - Level 14.5 Armour
 - Level 4.0 Dodging
 - Level 14.3 Shields


You had 17 spell levels left.
You didn't know any spells.
Your spell library was empty.

Inventory:

Hand Weapons
 p - a +2 broad axe of freezing (weapon)
Missiles
 q - 5 javelins (quivered)
 r - 17 boomerangs
Armour
 a - the +10 plate armour of Tyuwuju (worn) {rF+ Str+2 Int-4}
   (You found it on level 2 of the Lair of Beasts)

   Str:       It affects your strength (+2).
   Int:       It affects your intelligence (-4).
   rF:        It protects you from fire.
 d - a +2 kite shield of reflection
 f - a +0 pair of boots (worn)
 h - a +1 helmet (worn)
 m - a +2 kite shield (worn)
 n - a +2 cloak of poison resistance (worn)
 v - the +0 pair of boots of the Ten Summoning Eyes {Regen+ rCorr Int+3}
   (You bought it in a shop on level 2 of the Orcish Mines)

   Int:       It affects your intelligence (+3).
   Regen:     It increases your rate of health regeneration.
   rCorr:     It protects you from acid and corrosion.
 y - the +1 pair of gloves "Sikh" (worn) {rPois}
   (You bought it in a shop on level 15 of the Dungeon)

   rPois:     It protects you from poison.
Jewellery
 c - a +4 ring of protection (left hand)
 o - an amulet of reflection (around neck)
 u - a ring of protection from fire
 w - a +4 ring of evasion (right hand)
 x - the amulet of Feyfircheat {rF+ Regen+}
   (You took it off a minotaur in a Gauntlet)

   [amulet of regeneration]

   rF:        It protects you from fire.
   Regen:     It increases your rate of health regeneration.
Wands
 k - a wand of digging (9)
Scrolls
 j - 8 scrolls of identify
 s - 4 scrolls of teleportation
Potions
 b - 3 potions of might
 e - 2 potions of mutation
 g - 10 potions of curing
 i - 2 potions of cancellation
 l - 2 potions of haste
 t - a potion of heal wounds

Dungeon Overview and Level Annotations

Branches:
Dungeon (15/15)            Temple (0/1) D:4            Lair (5/5) D:9
 Shoals (0/4) Lair:2       Spider (0/4) Lair:2        Slime (0/5) Lair:5
    Orc (2/2) D:10            Elf (0/3) Orc:2        Vaults (0/5) D:13
 Depths (0/4) D:15        Gauntlet (visited)

Altars:
Ashenzari
Gozag
Hepliaklqana
Kikubaaqudgha
Makhleb
Nemelex Xobeh
Okawaru
Qazlal
Ru
Uskayaw
Xom
Yredelemnul
Jiyva

Shops:
D:1 *[   D:3 *   D:15 [   Orc:1 ([   Orc:2 **

Annotations:
D:6 3 runed translucent doors, qw's ghost, novice TrCA
D:13 3 runed translucent doors, Ined's ghost, journeyman MiBe


Message History

The bolt of fire hits the orc!!!
The orc dies!
The bolt of fire hits your troll!
The bolt of fire hits you but does no damage.
A warg comes into view.
An orc priest comes into view. It is wielding a +0 whip.
The orc priest calls down the wrath of Beogh upon you.
Beogh smites you!
30674 ||| READING 5 scrolls of teleportation.
As you read the scroll of teleportation, it crumbles to dust.
You feel strangely unstable.
An orc priest comes into view. It is wielding a +0 hand axe.
Your troll closely misses the orc sorcerer.
Your troll claws the orc sorcerer. x2
30675 ||| DRINKING 2 potions of heal wounds.
You feel much better.
Your troll closely misses the orc sorcerer.
Your troll claws the orc sorcerer. x2
An orc high priest comes into view. It is wielding a +0 long sword.
An orc high priest comes into view. It is wielding a +0 vorpal scimitar.
The orc priest calls upon Beogh to heal the orc sorcerer.
The orc sorcerer is healed somewhat.
An orc warrior comes into view. It is wielding a +0 trident.
An orc priest comes into view. It is wielding a +0 trident.
You block something's attack.
The orc high priest utters an invocation to Beogh.
The orc priest calls upon Beogh to heal the orc sorcerer.
The orc sorcerer's wounds heal themselves!
The orc sorcerer hits your troll with a +0 dagger!
Your troll barely misses the orc sorcerer.
Your troll misses the orc sorcerer.
Your troll claws the orc sorcerer!
You block the orc wizard's attack.
The orc sorcerer closely misses your troll.
The orc warrior hits you but does no damage.
The orc high priest prays to Beogh.
The orc priest mumbles some strange prayers to Beogh against you.
Beogh smites you!
The orc priest invokes the aid of Beogh against you.
Beogh smites you!
You die...

#.###'#####.#
...)........##...##.....
##)##....#####.o. .....#
#...#....#..##..##.....#
#.).#....'..#..o#..oo..#
#####.####..#.........#
...).....####...o....##.
....####.####(8oo)8...8.
.}.)#..#...%h..)@.To.o..
.)..#..'.####.8)))8o..8.
.)..#:.#.####.)))o3o.##.
###.####.#.?#...o..o..#
:.#......'..#...#......#
..#.#)...#..##3o##.....#
'##.#....#####3o. ...o.#
....#.......##...##.....
#.###'#####.##.... .....


You could see a soul eater (summoned), 2 orc high priests, a sun demon
(summoned), a sixfirhy (summoned), a warg, an orc sorcerer (ally target), 5 orc
warriors, 6 orc priests, 3 orc wizards and a friendly troll (summoned, berserk).

Vanquished Creatures
  Rupert (D:15)
  An orc warlord (Orc:2)
  An ironbound preserver (D:13)
  Azrael (Orc:2)
  A dire elephant (D:15)
  A minotaur (Gauntlet)
  Josephine (D:13)
  Harold (D:10)
  Fannar (D:10)
  A great orb of eyes (D:15)
  3 fire dragons
  A catoblepas (Lair:3)
  A rakshasa (D:15)
  8 hydras
  3 boulder beetles
  8 two-headed ogres
  4 centaur warriors
  4 death yaks (Lair:5)
  A hell hog (Gauntlet)
  2 tengu warriors (D:14)
  A fire crab (Gauntlet)
  An obsidian statue (Gauntlet)
  A swamp dragon (Lair:5)
  A deep elf archer (D:15)
  7 orc knights
  3 deep elf pyromancers
  An ugly thing (D:12)
  7 cyclopes
  4 manticores
  3 orc sorcerers (Orc:2)
  A salamander (D:15)
  16 elephants
  9 black mambas
  15 cane toads
  Maurice (Orc:2)
  Maggie (D:6)
  An unseen horror (D:12)
  2 kobold demonologists
  6 rime drakes
  A rime drake (shapeshifter) (D:15)
  A tengu conjurer (D:13)
  13 komodo dragons
  An efreet (D:13)
  6 trolls
  10 polar bears
  19 blink frogs
  8 slime creatures
  5 hornets
  Grinder (D:6)
  7 meliai
  3 raiju (Lair:5)
  5 dream sheep (Lair:5)
  8 wraiths
  4 wyverns
  A vampire (D:12)
  3 water elementals (D:14)
  Eustachio (D:5)
  8 basilisks
  2 fire elementals (Orc:2)
  41 yaks
  4 fire bats (Gauntlet)
  Grum (D:8)
  3 small abominations (Gauntlet)
  9 vampire mosquitoes
  Menkaure (D:5)
  3 steam dragons
  8 wargs
  11 water moccasins
  7 acid dragons
  2 large abominations (Gauntlet)
  18 hell hounds
  3 ice beasts
  2 swamp drakes (Lair:5)
  18 black bears
  6 ogres
  33 orc warriors
  17 wolves
  5 centaurs
  5 phantoms
  A kobold brigand (D:8)
  A gnoll sergeant (D:8)
  2 necrophages (D:7)
  14 bullfrogs
  2 scorpions (D:5)
  3 wights (D:9)
  4 troll zombies (D:10)
  3 killer bees (D:10)
  2 howler monkeys (D:4)
  5 electric eels
  A crimson imp (D:7)
  3 hounds
  6 jellies
  25 orc priests
  18 iguanas
  12 orc wizards
  4 ogre zombies (D:10)
  12 adders
  7 gnolls (D:8)
  A shadow imp (D:6)
  A white imp (D:8)
  2 ufetubi
  2 worms
  A dart slug (D:2)
  93 orcs
  9 ball pythons
  8 bats
  13 endoplasms
  A giant cockroach (D:3)
  14 goblins
  3 hobgoblins
  4 jackals
  5 quokkas
  2 frilled lizards (D:3)
  4 goblin skeletons (D:10)
  4 goblin zombies (D:10)
  2 hobgoblin zombies (D:10)
  14 kobolds
  2 orc skeletons (D:10)
  12 orc zombies (D:10)
  12 rats
764 creatures vanquished.

Vanquished Creatures (collateral kills)
  2 hydras (Lair:5)
  An orc high priest (Orc:2)
  An ugly thing (D:13)
  3 polar bears (Lair:5)
  A blink frog (Lair:5)
  An acid dragon (Lair:5)
  An orc warrior (Orc:2)
  2 black bears (Lair:5)
  A wolf (Lair:5)
  2 orc priests (Orc:2)
  An orc wizard (Orc:2)
  3 orcs (Orc:2)
19 creatures vanquished.

Vanquished Creatures (others)
  Nessos (Orc:2)
  A steam dragon (Lair:5)
  An iguana (Lair:5)
  An orc wizard (Orc:2)
  An orc (Orc:2)
  A bush (Lair:5)
  26 fungi
  80 plants
  5 withered plants (D:15)
117 creatures vanquished.

Grand Total: 900 creatures vanquished

Notes
Turn   | Place    | Note
-------+----------+-------------------------------------------
     0 | D:1      | qw the Gargoyle Berserker began the quest for the Orb.
     0 | D:1      | Reached XP level 1. HP: 14/14 MP: 1/1
     0 | D:1      | 0 ||| qw: Version: 0.1-a-103-gd6f5d3a
     0 | D:1      | 0 ||| qw: Game counter: 5389
     0 | D:1      | 0 ||| qw: Always use a shield: true
     0 | D:1      | 0 ||| qw: Do Orc after D:15 true
     0 | D:1      | 0 ||| qw: Do second Lair branch before Depths: true
     0 | D:1      | 0 ||| qw: Lair rune preference: random
     0 | D:1      | 0 ||| qw: Plans: Normal
     0 | D:1      | 0 ||| PLANNING D:1-11
    79 | D:1      | Reached skill level 3 in Axes
   145 | D:1      | Reached XP level 2. HP: 16/19 MP: 2/2
   468 | D:1      | Found Sithuteg's Assorted Antiques.
   473 | D:1      | 473 ||| BUYING club (19 gold).
   473 | D:1      | Bought a club for 19 gold pieces
   473 | D:1      | 473 ||| BUYING glowing cyan potion (17 gold).
   473 | D:1      | Bought a glowing cyan potion for 17 gold pieces
   473 | D:1      | 473 ||| SHOPLISTING scroll labelled KUIROSEQEQI (19 gold,
                  | have 12).
   473 | D:1      | 473 ||| SHOPLISTING scroll labelled PATOJA KOROAD (19 gold,
                  | have 12).
   473 | D:1      | 473 ||| SHOPLISTING scroll labelled RUIDANT CANO (19 gold,
                  | have 12).
   473 | D:1      | 473 ||| SHOPLISTING yellow potion (17 gold, have 12).
   543 | D:1      | Found Banimoumi's Armour Shop.
   547 | D:1      | 547 ||| SHOPLISTING +0 chain mail (54 gold, have 24).
   547 | D:1      | 547 ||| SHOPLISTING +0 helmet "Ireigete" {rN+} (188 gold,
                  | have 24).
   547 | D:1      | 547 ||| BUYING +0 leather armour (24 gold).
   547 | D:1      | Bought a +0 leather armour for 24 gold pieces
   547 | D:1      | 547 ||| SHOPLISTING +0 ring mail (48 gold, have 0).
   547 | D:1      | 547 ||| SHOPLISTING +3 robe of Clouds {*Thunder rCloud
                  | rElec} (356 gold, have 0).
   547 | D:1      | 547 ||| SHOPLISTING +3 scale mail of fire resistance (312
                  | gold, have 0).
   689 | D:1      | Reached ** piety under Trog
   796 | D:1      | 796 ||| UPGRADING to +0 leather armour.
   806 | D:1      | 806 ||| DROPPING +0 animal skin.
   807 | D:1      | 807 ||| UPGRADING to amulet of regeneration.
   812 | D:1      | 812 ||| READING scroll labelled ELI QOUHIAQERI.
   813 | D:1      | 813 ||| READING scroll labelled KUIROSEQEQI.
   913 | D:2      | Reached XP level 3. HP: 23/23 MP: 3/3
   986 | D:2      | 986 ||| Stepping ~*~*~tactically~*~*~ (stealth).
   986 | D:2      | Found a faded altar of an unknown god.
   993 | D:2      | 993 ||| Stepping ~*~*~tactically~*~*~ (stealth).
  1009 | D:2      | 1009 ||| Stepping ~*~*~tactically~*~*~ (stealth).
  1010 | D:2      | 1010 ||| Stepping ~*~*~tactically~*~*~ (stealth).
  1043 | D:2      | Reached skill level 4 in Axes
  1166 | D:2      | 1166 ||| DROPPING +0 club.
  1231 | D:2      | Reached XP level 4. HP: 24/28 MP: 4/4
  1509 | D:2      | 1509 ||| INVOKING Berserk.
  1797 | D:2      | 1797 ||| UPGRADING to +0 plate armour.
  1807 | D:2      | 1807 ||| DROPPING +0 leather armour.
  1808 | D:2      | 1808 ||| DROPPING amulet of magic regeneration.
  1809 | D:2      | 1809 ||| READING scroll labelled ZUTTITENY.
  1810 | D:2      | 1810 ||| READING scroll labelled PATOJA KOROAD.
  1917 | D:3      | Reached XP level 5. HP: 32/32 MP: 5/5
  2049 | D:3      | 2049 ||| Stepping ~*~*~tactically~*~*~ (stealth).
  2063 | D:3      | Reached skill level 1 in Throwing
  2066 | D:3      | Reached skill level 5 in Axes
  2072 | D:3      | Reached *** piety under Trog
  2344 | D:3      | Found Sastyx's General Store.
  2354 | D:3      | 2354 ||| BUYING +0 war axe (45 gold).
  2354 | D:3      | Bought a +0 war axe for 45 gold pieces
  2354 | D:3      | 2354 ||| SHOPLISTING +4 chain mail of cold resistance (409
                  | gold, have 61).
  2354 | D:3      | 2354 ||| SWAPPING to +0 war axe.
  2355 | D:3      | 2355 ||| DROPPING +0 hand axe.
  2424 | D:3      | 2424 ||| Stepping ~*~*~tactically~*~*~ (stealth).
  2460 | D:3      | 2460 ||| Stepping ~*~*~tactically~*~*~ (stealth).
  2550 | D:3      | 2550 ||| READING scroll labelled CYMIRHOZEU.
  2551 | D:3      | 2551 ||| READING scroll labelled EDDORPH OC POLO.
  2552 | D:3      | 2552 ||| READING scroll labelled SELEUV PISOFF.
  2553 | D:3      | 2553 ||| DRINKING 2 silvery potions.
  2554 | D:3      | 2554 ||| DRINKING 2 glowing cyan potions.
  2555 | D:3      | 2555 ||| DROPPING potion of brilliance.
  2642 | D:4      | Found a staircase to the Ecumenical Temple.
  2660 | D:4      | Reached skill level 3 in Armour
  2667 | D:4      | Reached XP level 6. HP: 38/38 MP: 6/6
  2675 | D:4      | 2675 ||| Stepping ~*~*~tactically~*~*~ (stealth).
  2706 | D:4      | 2706 ||| Stepping ~*~*~tactically~*~*~ (stealth).
  2710 | D:4      | 2710 ||| Stepping ~*~*~tactically~*~*~ (stealth).
  2838 | D:4      | Noticed a black bear
  2840 | D:4      | 2840 ||| INVOKING Berserk.
  2844 | D:4      | Killed a black bear
  3095 | D:4      | Reached XP level 7. HP: 43/44 MP: 7/7
  3108 | D:4      | 3108 ||| INVOKING Berserk.
  3110 | D:4      | Reached skill level 6 in Axes
  3590 | D:4      | Found an iron altar of Okawaru.
  3599 | D:4      | Found a sparkling altar of Nemelex Xobeh.
  3725 | D:4      | 3725 ||| READING scroll labelled COREG CARE.
  3726 | D:4      | 3726 ||| DRINKING 2 dark potions.
  3726 | D:4      | Gained mutation: Your magical capacity is low. (-10% MP)
                  | [potion of mutation]
  3726 | D:4      | Gained mutation: You are strong-willed. (Will+) [potion of
                  | mutation]
  3726 | D:4      | Gained mutation: You sometimes lose your temper in combat.
                  | [potion of mutation]
  3727 | D:4      | 3727 ||| DRINKING potion of mutation.
  3727 | D:4      | Lost mutation: You are strong-willed. (Will+) [potion of
                  | mutation]
  3727 | D:4      | Lost mutation: Your magical capacity is low. (-10% MP)
                  | [potion of mutation]
  3727 | D:4      | Gained mutation: You have large cloven feet. [potion of
                  | mutation]
  3727 | D:4      | Gained mutation: You are weak. (Str -2) [potion of
                  | mutation]
  3727 | D:4      | Gained mutation: You have a pair of small horns on your
                  | head. [potion of mutation]
  3737 | D:4      | 3737 ||| READING 2 scrolls of identify.
  3737 | D:4      | 3737 ||| IDENTIFYING fizzy puce potion
  3738 | D:4      | 3738 ||| DROPPING potion of ambrosia.
  3746 | D:5      | Entered Level 5 of the Dungeon
  3788 | D:5      | Noticed Menkaure
  3789 | D:5      | 3789 ||| Stepping ~*~*~tactically~*~*~ (hiding).
  3794 | D:5      | 3794 ||| INVOKING Berserk.
  3795 | D:5      | Killed Menkaure
  3959 | D:5      | Reached skill level 7 in Axes
  4014 | D:5      | 4014 ||| Stepping ~*~*~tactically~*~*~ (hiding).
  4016 | D:5      | 4016 ||| INVOKING Berserk.
  4126 | D:5      | 4126 ||| Stepping ~*~*~tactically~*~*~ (hiding).
  4132 | D:5      | 4132 ||| INVOKING Berserk.
  4136 | D:5      | Reached XP level 8. HP: 49/49 MP: 8/8
  4150 | D:5      | 4150 ||| Stepping ~*~*~tactically~*~*~ (stealth).
  4553 | D:5      | Noticed Eustachio
  4554 | D:5      | 4554 ||| Stepping ~*~*~tactically~*~*~ (stealth).
  4555 | D:5      | 4555 ||| Stepping ~*~*~tactically~*~*~ (stealth).
  4556 | D:5      | 4556 ||| Stepping ~*~*~tactically~*~*~ (stealth).
  4557 | D:5      | 4557 ||| Stepping ~*~*~tactically~*~*~ (stealth).
  4565 | D:5      | 4565 ||| INVOKING Berserk.
  4582 | D:5      | Killed Eustachio
  4728 | D:5      | Found a stormy altar of Qazlal.
  4729 | D:5      | 4729 ||| INVOKING Berserk.
  4954 | D:5      | Reached skill level 8 in Axes
  5166 | D:5      | 5166 ||| READING scroll labelled RUIDANT CANO.
  5170 | D:5      | 5170 ||| READING scroll labelled YCZUETHROINO.
  5171 | D:5      | 5171 ||| READING 2 scrolls of identify.
  5171 | D:5      | 5171 ||| IDENTIFYING yellow potion
  5190 | D:6      | 5190 ||| STAIRDANCE
  5200 | D:6      | 5200 ||| INVOKING Berserk.
  5214 | D:6      | Reached skill level 6 in Fighting
  5326 | D:6      | 5326 ||| Stepping ~*~*~tactically~*~*~ (stealth).
  5330 | D:6      | 5330 ||| INVOKING Berserk.
  5448 | D:6      | 5448 ||| Stepping ~*~*~tactically~*~*~ (stealth).
  5450 | D:6      | 5450 ||| Stepping ~*~*~tactically~*~*~ (stealth).
  5454 | D:6      | 5454 ||| INVOKING Berserk.
  5456 | D:6      | Reached XP level 9. HP: 56/56 MP: 9/9
  5493 | D:6      | 5493 ||| FLEEEEING.
  5502 | D:6      | 5502 ||| STAIRDANCE
  5648 | D:6      | Found a runed translucent gate.
  5658 | D:6      | Found a runed translucent gate.
  5658 | D:6      | Found a runed translucent gate.
  5660 | D:6      | Noticed qw's ghost (novice TrCA)
  5749 | D:6      | 5749 ||| Stepping ~*~*~tactically~*~*~ (stealth).
  5750 | D:6      | 5750 ||| Stepping ~*~*~tactically~*~*~ (stealth).
  5756 | D:6      | Reached skill level 9 in Axes
  5792 | D:6      | 5792 ||| DROPPING +0 mace.
  5842 | D:6      | 5842 ||| Stepping ~*~*~tactically~*~*~ (hiding).
  5845 | D:6      | 5845 ||| INVOKING Berserk.
  5855 | D:6      | Noticed Maggie
  5856 | D:6      | 5856 ||| Stepping ~*~*~tactically~*~*~ (hiding).
  5857 | D:6      | 5857 ||| Stepping ~*~*~tactically~*~*~ (hiding).
  5858 | D:6      | 5858 ||| Stepping ~*~*~tactically~*~*~ (hiding).
  5866 | D:6      | HP: 14/56 [Maggie/bolt of fire (6)]
  5867 | D:6      | Killed Maggie
  5923 | D:6      | 5923 ||| Stepping ~*~*~tactically~*~*~ (stealth).
  5926 | D:6      | Reached **** piety under Trog
  6088 | D:6      | 6088 ||| DROPPING +2 vorpal mace.
  6321 | D:6      | Noticed Grinder
  6322 | D:6      | 6322 ||| INVOKING Trog's Hand.
  6325 | D:6      | 6325 ||| INVOKING Berserk.
  6329 | D:6      | Killed Grinder
  6440 | D:6      | 6440 ||| DROPPING +0 flail.
  6532 | D:6      | 6532 ||| UPGRADING to +0 pair of boots.
  6537 | D:6      | 6537 ||| DRINKING 2 green potions.
  6538 | D:6      | 6538 ||| DRINKING 2 sapphire potions.
  6571 | D:6      | 6571 ||| DROPPING potion of flight.
  6572 | D:6      | 6572 ||| DROPPING potion of lignification.
  6667 | D:7      | 6667 ||| INVOKING Berserk.
  6672 | D:7      | Reached skill level 6 in Armour
  7019 | D:7      | Found a sacrificial altar of Ru.
  7102 | D:7      | Reached skill level 10 in Axes
  7478 | D:7      | 7478 ||| INVOKING Berserk.
  7646 | D:7      | Found a shimmering altar of Xom.
  7646 | D:7      | Found a burning altar of Makhleb.
  7685 | D:7      | 7685 ||| UPGRADING to +6 ring of strength.
  7686 | D:7      | 7686 ||| DRINKING 2 orange potions.
  7687 | D:7      | 7687 ||| READING 2 scrolls of identify.
  7687 | D:7      | 7687 ||| IDENTIFYING fizzy pink potion
  7688 | D:7      | 7688 ||| DROPPING potion of berserk rage.
  7830 | D:8      | Reached XP level 10. HP: 62/64 MP: 10/10
  7872 | D:8      | 7872 ||| Stepping ~*~*~tactically~*~*~ (stealth).
  7957 | D:8      | 7957 ||| Stepping ~*~*~tactically~*~*~ (stealth).
  7962 | D:8      | 7962 ||| Stepping ~*~*~tactically~*~*~ (hiding).
  8138 | D:8      | 8138 ||| Stepping ~*~*~tactically~*~*~ (stealth).
  8146 | D:8      | 8146 ||| Stepping ~*~*~tactically~*~*~ (stealth).
  8181 | D:8      | 8181 ||| Stepping ~*~*~tactically~*~*~ (stealth).
  8182 | D:8      | 8182 ||| Stepping ~*~*~tactically~*~*~ (stealth).
  8183 | D:8      | 8183 ||| Stepping ~*~*~tactically~*~*~ (stealth).
  8196 | D:8      | 8196 ||| Stepping ~*~*~tactically~*~*~ (stealth).
  8203 | D:8      | 8203 ||| Stepping ~*~*~tactically~*~*~ (stealth).
  8453 | D:8      | 8453 ||| Stepping ~*~*~tactically~*~*~ (hiding).
  8456 | D:8      | Noticed Grum
  8457 | D:8      | 8457 ||| INVOKING Berserk.
  8474 | D:8      | Killed Grum
  8475 | D:8      | Reached skill level 11 in Axes
  8893 | D:8      | 8893 ||| UPGRADING to +2 kite shield.
  8898 | D:8      | 8898 ||| READING scroll labelled ZERYGI ZYTSUC.
  8899 | D:8      | 8899 ||| READING scroll labelled QUXOP ZUMYNA.
  9001 | D:9      | 9001 ||| DRINKING potion of mutation.
  9001 | D:9      | Lost mutation: You have large cloven feet. [potion of
                  | mutation]
  9001 | D:9      | Lost mutation: You are weak. (Str -2) [potion of mutation]
  9001 | D:9      | Gained mutation: You do not regenerate when monsters are
                  | visible. [potion of mutation]
  9016 | D:9      | 9016 ||| Stepping ~*~*~tactically~*~*~ (hiding).
  9021 | D:9      | 9021 ||| INVOKING Berserk.
  9025 | D:9      | Reached skill level 1 in Shields
  9029 | D:9      | 9029 ||| Stepping ~*~*~tactically~*~*~ (cloud).
  9141 | D:9      | Found a staircase to the Lair.
  9169 | D:9      | 9169 ||| Stepping ~*~*~tactically~*~*~ (stealth).
  9171 | D:9      | 9171 ||| Stepping ~*~*~tactically~*~*~ (stealth).
  9264 | D:9      | 9264 ||| INVOKING Berserk.
  9271 | D:9      | Reached skill level 3 in Shields
  9383 | D:9      | 9383 ||| DRINKING potion of mutation.
  9383 | D:9      | Lost mutation: You do not regenerate when monsters are
                  | visible. [potion of mutation]
  9383 | D:9      | Lost mutation: You have a pair of small horns on your head.
                  | [potion of mutation]
  9383 | D:9      | Lost mutation: You sometimes lose your temper in combat.
                  | [potion of mutation]
  9383 | D:9      | Gained mutation: You are partially covered in iridescent
                  | scales. (AC +2) [potion of mutation]
  9383 | D:9      | Gained mutation: You possess an exceptional clarity of
                  | mind. [potion of mutation]
  9658 | D:9      | 9658 ||| Stepping ~*~*~tactically~*~*~ (stealth).
  9673 | D:9      | Reached skill level 6 in Shields
  9786 | D:9      | 9786 ||| PLANNING LAIR
  9786 | D:9      | 9786 ||| READING 2 scrolls of identify.
  9786 | D:9      | 9786 ||| IDENTIFYING metallic black potion
  9787 | D:9      | 9787 ||| DROPPING potion of attraction.
  9830 | Lair:1   | Entered Level 1 of the Lair of Beasts
  9844 | Lair:1   | Noticed a black mamba
  9847 | Lair:1   | 9847 ||| INVOKING Berserk.
  9856 | Lair:1   | Killed a black mamba
 10038 | Lair:1   | 10038 ||| Stepping ~*~*~tactically~*~*~ (hiding).
 10039 | Lair:1   | 10039 ||| Stepping ~*~*~tactically~*~*~ (hiding).
 10039 | Lair:1   | Noticed a cane toad
 10040 | Lair:1   | 10040 ||| Stepping ~*~*~tactically~*~*~ (hiding).
 10044 | Lair:1   | 10044 ||| INVOKING Berserk.
 10052 | Lair:1   | Killed a cane toad
 10053 | Lair:1   | Reached XP level 11. HP: 68/68 MP: 11/11
 10202 | Lair:1   | 10202 ||| INVOKING Berserk.
 10338 | Lair:1   | Reached skill level 9 in Shields
 10378 | Lair:1   | 10378 ||| Stepping ~*~*~tactically~*~*~ (hiding).
 10410 | Lair:1   | 10410 ||| Stepping ~*~*~tactically~*~*~ (hiding).
 10527 | Lair:1   | 10527 ||| INVOKING Berserk.
 10615 | Lair:1   | 10615 ||| INVOKING Berserk.
 10794 | Lair:1   | 10794 ||| INVOKING Berserk.
 10986 | Lair:1   | Reached skill level 9 in Fighting
 11112 | Lair:1   | 11112 ||| INVOKING Berserk.
 11144 | Lair:1   | 11144 ||| Stepping ~*~*~tactically~*~*~ (stealth).
 11145 | Lair:1   | 11145 ||| Stepping ~*~*~tactically~*~*~ (stealth).
 11146 | Lair:1   | 11146 ||| Stepping ~*~*~tactically~*~*~ (stealth).
 11191 | Lair:1   | 11191 ||| INVOKING Berserk.
 11247 | Lair:1   | 11247 ||| INVOKING Berserk.
 11557 | Lair:1   | 11557 ||| UPGRADING to +0 helmet.
 11562 | Lair:1   | 11562 ||| READING scroll labelled PIKOAJ TAOMO.
 11563 | Lair:1   | 11563 ||| READING 3 scrolls of identify.
 11563 | Lair:1   | 11563 ||| IDENTIFYING blue potion
 11564 | Lair:1   | 11564 ||| READING 2 scrolls of identify.
 11564 | Lair:1   | 11564 ||| IDENTIFYING fizzy clear potion
 11565 | Lair:1   | 11565 ||| DROPPING potion of invisibility.
 11586 | Lair:2   | 11586 ||| INVOKING Berserk.
 11593 | Lair:2   | 11593 ||| STAIRDANCE
 11707 | Lair:2   | Reached XP level 12. HP: 76/76 MP: 12/12
 11747 | Lair:2   | 11747 ||| INVOKING Berserk.
 11900 | Lair:2   | 11900 ||| Stepping ~*~*~tactically~*~*~ (stealth).
 11912 | Lair:2   | Reached skill level 12 in Axes
 11918 | Lair:2   | 11918 ||| Stepping ~*~*~tactically~*~*~ (hiding).
 11922 | Lair:2   | 11922 ||| INVOKING Berserk.
 12036 | Lair:2   | 12036 ||| Stepping ~*~*~tactically~*~*~ (stealth).
 12039 | Lair:2   | 12039 ||| Stepping ~*~*~tactically~*~*~ (stealth).
 12041 | Lair:2   | 12041 ||| INVOKING Berserk.
 12162 | Lair:2   | 12162 ||| INVOKING Berserk.
 12287 | Lair:2   | Identified the +10 plate armour of Tyuwuju {rF+ Str+2
                  | Int-4}
 12398 | Lair:2   | 12398 ||| INVOKING Berserk.
 12409 | Lair:2   | HP: 18/77 [black mamba (7)]
 12410 | Lair:2   | 12410 ||| READING scroll of teleportation.
 12410 | Lair:2   | HP: 8/77 [black mamba (12)]
 12411 | Lair:2   | 12411 ||| DRINKING potion of heal wounds.
 12413 | Lair:2   | Found a hole to the Spider Nest.
 12629 | Lair:2   | 12629 ||| INVOKING Berserk.
 12771 | Lair:2   | 12771 ||| Stepping ~*~*~tactically~*~*~ (stealth).
 12772 | Lair:2   | 12772 ||| INVOKING Berserk.
 12921 | Lair:2   | Found a staircase to the Shoals.
 12953 | Lair:2   | 12953 ||| INVOKING Berserk.
 13122 | Lair:2   | 13122 ||| INVOKING Berserk.
 13129 | Lair:2   | Reached skill level 13 in Axes
 13242 | Lair:2   | 13242 ||| Stepping ~*~*~tactically~*~*~ (stealth).
 13249 | Lair:2   | 13249 ||| INVOKING Berserk.
 13266 | Lair:2   | 13266 ||| Stepping ~*~*~tactically~*~*~ (stealth).
 13673 | Lair:2   | 13673 ||| UPGRADING to +10 plate armour of Tyuwuju {rF+
                  | Str+2 Int-4}.
 13683 | Lair:2   | 13683 ||| DROPPING +0 plate armour.
 13713 | Lair:3   | Noticed a catoblepas
 13714 | Lair:3   | 13714 ||| Stepping ~*~*~tactically~*~*~ (hiding).
 13716 | Lair:3   | 13716 ||| INVOKING Berserk.
 13725 | Lair:3   | Killed a catoblepas
 13726 | Lair:3   | Reached skill level 9 in Armour
 13827 | Lair:3   | 13827 ||| Stepping ~*~*~tactically~*~*~ (stealth).
 13880 | Lair:3   | 13880 ||| Stepping ~*~*~tactically~*~*~ (stealth).
 13883 | Lair:3   | 13883 ||| INVOKING Berserk.
 14100 | Lair:3   | 14100 ||| INVOKING Berserk.
 14263 | Lair:3   | 14263 ||| INVOKING Berserk.
 14277 | Lair:3   | Reached XP level 13. HP: 82/82 MP: 13/13
 14445 | Lair:3   | 14445 ||| INVOKING Brothers in Arms.
 14447 | Lair:3   | 14447 ||| SWAPPING to +0 morningstar.
 14449 | Lair:3   | 14449 ||| INVOKING Berserk.
 14460 | Lair:3   | 14460 ||| SWAPPING to +1 war axe.
 14598 | Lair:3   | 14598 ||| INVOKING Berserk.
 15071 | Lair:3   | 15071 ||| UPGRADING to amulet of reflection.
 15081 | Lair:3   | 15081 ||| DROPPING amulet of regeneration.
 15082 | Lair:3   | 15082 ||| DRINKING 2 fuming cyan potions.
 15213 | Lair:4   | Reached skill level 14 in Axes
 15287 | Lair:4   | 15287 ||| SWAPPING to +0 morningstar.
 15288 | Lair:4   | 15288 ||| INVOKING Berserk.
 15301 | Lair:4   | 15301 ||| SWAPPING to +1 war axe.
 15557 | Lair:4   | 15557 ||| INVOKING Berserk.
 15740 | Lair:4   | 15740 ||| INVOKING Berserk.
 16162 | Lair:4   | Noticed a fire dragon
 16211 | Lair:4   | 16211 ||| Stepping ~*~*~tactically~*~*~ (hiding).
 16215 | Lair:4   | 16215 ||| INVOKING Berserk.
 16224 | Lair:4   | Killed a fire dragon
 16229 | Lair:4   | 16229 ||| Stepping ~*~*~tactically~*~*~ (hiding).
 16697 | Lair:4   | 16697 ||| FLEEEEING.
 16699 | Lair:4   | 16699 ||| FLEEEEING.
 16700 | Lair:4   | 16700 ||| FLEEEEING.
 16701 | Lair:4   | 16701 ||| FLEEEEING.
 16773 | Lair:5   | Entered Level 5 of the Lair of Beasts
 16774 | Lair:5   | 16774 ||| STAIRDANCE
 16776 | Lair:4   | 16776 ||| INVOKING Berserk.
 16791 | Lair:4   | Reached skill level 12 in Shields
 16927 | Lair:5   | 16927 ||| INVOKING Berserk.
 16936 | Lair:5   | 16936 ||| STAIRDANCE
 17127 | Lair:5   | Found a staircase to the Slime Pits.
 17222 | Lair:5   | Found a viscous altar of Jiyva.
 17397 | Lair:5   | 17397 ||| INVOKING Berserk.
 17422 | Lair:5   | 17422 ||| Stepping ~*~*~tactically~*~*~ (water).
 17427 | Lair:5   | 17427 ||| INVOKING Brothers in Arms.
 17429 | Lair:5   | 17429 ||| SWAPPING to +0 morningstar.
 17433 | Lair:5   | HP: 20/84 [four-headed hydra (7)]
 17434 | Lair:5   | 17434 ||| READING 3 scrolls of teleportation.
 17437 | Lair:5   | 17437 ||| SWAPPING to +1 war axe.
 17438 | Lair:5   | Noticed a fire dragon
 17438 | Lair:5   | HP: 20/84 [acid dragon/splash of acid (1)]
 17439 | Lair:5   | 17439 ||| READING 2 scrolls of teleportation.
 17441 | Lair:5   | 17441 ||| Stepping ~*~*~tactically~*~*~ (water).
 17461 | Lair:5   | 17461 ||| INVOKING Berserk.
 17470 | Lair:5   | HP: 21/126 [rime drake/flash freeze (20)]
 17479 | Lair:5   | 17479 ||| READING scroll of teleportation.
 17516 | Lair:5   | Reached skill level 15 in Axes
 17744 | Lair:5   | 17744 ||| Stepping ~*~*~tactically~*~*~ (stealth).
 17745 | Lair:5   | 17745 ||| Stepping ~*~*~tactically~*~*~ (stealth).
 17774 | Lair:5   | 17774 ||| Stepping ~*~*~tactically~*~*~ (stealth).
 17778 | Lair:5   | 17778 ||| Stepping ~*~*~tactically~*~*~ (stealth).
 17784 | Lair:5   | 17784 ||| Stepping ~*~*~tactically~*~*~ (stealth).
 17790 | Lair:5   | 17790 ||| INVOKING Berserk.
 17820 | Lair:5   | Reached skill level 3 in Dodging
 17977 | Lair:5   | 17977 ||| Stepping ~*~*~tactically~*~*~ (stealth).
 17978 | Lair:5   | 17978 ||| INVOKING Berserk.
 18039 | Lair:5   | 18039 ||| Stepping ~*~*~tactically~*~*~ (stealth).
 18042 | Lair:5   | 18042 ||| INVOKING Berserk.
 18052 | Lair:5   | Gained mutation: Your large and strong wings let you fly.
                  | [Gargoyle growth]
 18052 | Lair:5   | Reached XP level 14. HP: 90/90 MP: 14/14
 18341 | Lair:5   | 18341 ||| Stepping ~*~*~tactically~*~*~ (stealth).
 18355 | Lair:5   | Reached skill level 12 in Fighting
 18528 | Lair:5   | 18528 ||| Stepping ~*~*~tactically~*~*~ (hiding).
 18655 | Lair:5   | 18655 ||| Stepping ~*~*~tactically~*~*~ (hiding).
 18697 | Lair:5   | 18697 ||| INVOKING Berserk.
 18716 | Lair:5   | 18716 ||| Stepping ~*~*~tactically~*~*~ (stealth).
 18732 | Lair:5   | 18732 ||| FLEEEEING.
 18750 | Lair:5   | 18750 ||| Stepping ~*~*~tactically~*~*~ (stealth).
 18751 | Lair:5   | 18751 ||| INVOKING Berserk.
 18782 | Lair:5   | 18782 ||| INVOKING Brothers in Arms.
 18783 | Lair:5   | 18783 ||| SWAPPING to +0 morningstar.
 18784 | Lair:5   | 18784 ||| Stepping ~*~*~tactically~*~*~ (outnumbered).
 18789 | Lair:5   | 18789 ||| SWAPPING to +1 war axe.
 18798 | Lair:5   | HP: 18/92 [polar bear (12)]
 19104 | Lair:5   | 19104 ||| Stepping ~*~*~tactically~*~*~ (hiding).
 19170 | Lair:5   | 19170 ||| Stepping ~*~*~tactically~*~*~ (hiding).
 19198 | Lair:5   | Reached skill level 16 in Axes
 19255 | Lair:5   | 19255 ||| Stepping ~*~*~tactically~*~*~ (stealth).
 19257 | Lair:5   | 19257 ||| Stepping ~*~*~tactically~*~*~ (hiding).
 19312 | Lair:5   | 19312 ||| Stepping ~*~*~tactically~*~*~ (hiding).
 19313 | Lair:5   | 19313 ||| Stepping ~*~*~tactically~*~*~ (hiding).
 19336 | Lair:5   | Reached ***** piety under Trog
 19351 | Lair:5   | 19351 ||| Stepping ~*~*~tactically~*~*~ (hiding).
 19372 | Lair:5   | 19372 ||| Stepping ~*~*~tactically~*~*~ (stealth).
 19604 | Lair:5   | 19604 ||| Stepping ~*~*~tactically~*~*~ (stealth).
 19673 | Lair:5   | 19673 ||| Stepping ~*~*~tactically~*~*~ (stealth).
 19680 | Lair:5   | 19680 ||| Stepping ~*~*~tactically~*~*~ (hiding).
 19682 | Lair:5   | 19682 ||| INVOKING Brothers in Arms.
 19685 | Lair:5   | 19685 ||| INVOKING Berserk.
 19932 | Lair:5   | 19932 ||| PLANNING D:1-11
 19932 | Lair:5   | 19932 ||| UPGRADING to +1 cloak.
 19937 | Lair:5   | 19937 ||| UPGRADING to ring of protection from fire.
 19938 | Lair:5   | 19938 ||| READING scroll labelled ATIR XA BU OFI.
 19939 | Lair:5   | 19939 ||| READING 6 scrolls of identify.
 19939 | Lair:5   | 19939 ||| IDENTIFYING murky clear potion
 19940 | Lair:5   | 19940 ||| DROPPING potion of degeneration.
 20056 | D:10     | Entered Level 10 of the Dungeon
 20056 | D:10     | Noticed Fannar
 20056 | D:10     | Found a broken altar of Ashenzari.
 20066 | D:10     | 20066 ||| INVOKING Berserk.
 20080 | D:10     | Killed Fannar
 20148 | D:10     | 20148 ||| Stepping ~*~*~tactically~*~*~ (stealth).
 20149 | D:10     | 20149 ||| Stepping ~*~*~tactically~*~*~ (stealth).
 20152 | D:10     | 20152 ||| Stepping ~*~*~tactically~*~*~ (stealth).
 20166 | D:10     | 20166 ||| Stepping ~*~*~tactically~*~*~ (stealth).
 20167 | D:10     | 20167 ||| Stepping ~*~*~tactically~*~*~ (stealth).
 20221 | D:10     | 20221 ||| Stepping ~*~*~tactically~*~*~ (stealth).
 20231 | D:10     | Found a staircase to the Orcish Mines.
 20291 | D:10     | 20291 ||| READING scroll of enchant weapon.
 20291 | D:10     | 20291 ||| ENCHANTING +1 war axe of chaos.
 20324 | D:10     | Identified the +5 falchion "Iwkaur" {venom, rElec}
 20339 | D:10     | 20339 ||| Stepping ~*~*~tactically~*~*~ (hiding).
 20418 | D:10     | Noticed Harold
 20419 | D:10     | 20419 ||| Stepping ~*~*~tactically~*~*~ (hiding).
 20430 | D:10     | Killed Harold
 20642 | D:10     | Found a hazy altar of Hepliaklqana.
 20837 | D:10     | Found a hide-covered altar of Uskayaw.
 21002 | D:10     | 21002 ||| Stepping ~*~*~tactically~*~*~ (stealth).
 21006 | D:10     | 21006 ||| Stepping ~*~*~tactically~*~*~ (stealth).
 21017 | D:10     | 21017 ||| Stepping ~*~*~tactically~*~*~ (stealth).
 21070 | D:10     | 21070 ||| Stepping ~*~*~tactically~*~*~ (stealth).
 21081 | D:10     | 21081 ||| Stepping ~*~*~tactically~*~*~ (stealth).
 21086 | D:10     | 21086 ||| Stepping ~*~*~tactically~*~*~ (stealth).
 21089 | D:10     | 21089 ||| Stepping ~*~*~tactically~*~*~ (stealth).
 21095 | D:10     | 21095 ||| Stepping ~*~*~tactically~*~*~ (stealth).
 21098 | D:10     | 21098 ||| Stepping ~*~*~tactically~*~*~ (stealth).
 21099 | D:10     | 21099 ||| Stepping ~*~*~tactically~*~*~ (stealth).
 21104 | D:10     | 21104 ||| INVOKING Berserk.
 21411 | D:10     | 21411 ||| READING scroll labelled NEHAMEJEOM.
 21557 | D:11     | 21557 ||| FLEEEEING.
 21558 | D:11     | 21558 ||| FLEEEEING.
 21559 | D:11     | 21559 ||| FLEEEEING.
 21560 | D:11     | 21560 ||| FLEEEEING.
 21610 | D:11     | 21610 ||| READING scroll of enchant armour.
 21610 | D:11     | 21610 ||| ENCHANTING +0 helmet.
 21632 | D:11     | 21632 ||| FLEEEEING.
 21641 | D:11     | 21641 ||| Stepping ~*~*~tactically~*~*~ (hiding).
 21665 | D:11     | 21665 ||| FLEEEEING.
 21666 | D:11     | 21666 ||| FLEEEEING.
 21667 | D:11     | 21667 ||| FLEEEEING.
 21668 | D:11     | 21668 ||| FLEEEEING.
 21672 | D:11     | 21672 ||| INVOKING Berserk.
 22124 | D:11     | 22124 ||| FLEEEEING.
 22125 | D:11     | 22125 ||| FLEEEEING.
 22145 | D:11     | 22145 ||| FLEEEEING.
 22146 | D:11     | 22146 ||| FLEEEEING.
 22147 | D:11     | 22147 ||| FLEEEEING.
 22148 | D:11     | 22148 ||| FLEEEEING.
 22149 | D:11     | 22149 ||| FLEEEEING.
 22150 | D:11     | 22150 ||| FLEEEEING.
 22151 | D:11     | 22151 ||| FLEEEEING.
 22152 | D:11     | 22152 ||| FLEEEEING.
 22153 | D:11     | 22153 ||| FLEEEEING.
 22154 | D:11     | 22154 ||| FLEEEEING.
 22155 | D:11     | 22155 ||| FLEEEEING.
 22411 | D:11     | 22411 ||| PLANNING D
 22638 | D:12     | 22638 ||| Stepping randomly (disturbance).
 22698 | D:12     | 22698 ||| FLEEEEING.
 22711 | D:12     | 22711 ||| FLEEEEING.
 22729 | D:12     | 22729 ||| Stepping ~*~*~tactically~*~*~ (hiding).
 22730 | D:12     | 22730 ||| Stepping ~*~*~tactically~*~*~ (hiding).
 22739 | D:12     | 22739 ||| FLEEEEING.
 22812 | D:12     | 22812 ||| READING scroll of brand weapon.
 22812 | D:12     | 22812 ||| BRANDING +2 war axe of chaos.
 22821 | D:12     | 22821 ||| FLEEEEING.
 22824 | D:12     | 22824 ||| FLEEEEING.
 22825 | D:12     | 22825 ||| FLEEEEING.
 22826 | D:12     | 22826 ||| FLEEEEING.
 22827 | D:12     | 22827 ||| FLEEEEING.
 22828 | D:12     | Reached XP level 15. HP: 74/98 MP: 15/15
 22865 | D:12     | 22865 ||| FLEEEEING.
 22866 | D:12     | 22866 ||| FLEEEEING.
 22868 | D:12     | 22868 ||| FLEEEEING.
 22869 | D:12     | 22869 ||| FLEEEEING.
 22955 | D:12     | 22955 ||| Stepping ~*~*~tactically~*~*~ (stealth).
 22957 | D:12     | 22957 ||| Stepping ~*~*~tactically~*~*~ (stealth).
 22963 | D:12     | 22963 ||| Stepping ~*~*~tactically~*~*~ (stealth).
 22964 | D:12     | 22964 ||| Stepping ~*~*~tactically~*~*~ (stealth).
 22990 | D:12     | Received a gift from Trog
 23017 | D:12     | 23017 ||| Stepping ~*~*~tactically~*~*~ (stealth).
 23025 | D:12     | 23025 ||| INVOKING Berserk.
 23108 | D:12     | 23108 ||| Stepping ~*~*~tactically~*~*~ (hiding).
 23110 | D:12     | 23110 ||| Stepping ~*~*~tactically~*~*~ (hiding).
 23143 | D:12     | Reached skill level 12 in Armour
 23148 | D:12     | 23148 ||| FLEEEEING.
 23220 | D:12     | 23220 ||| Stepping ~*~*~tactically~*~*~ (hiding).
 23351 | D:12     | Reached skill level 3 in Throwing
 23454 | D:12     | 23454 ||| Stepping ~*~*~tactically~*~*~ (stealth).
 23738 | D:12     | 23738 ||| UPGRADING to +4 ring of protection.
 23740 | D:12     | 23740 ||| DROPPING ring of ice.
 23741 | D:12     | 23741 ||| UPGRADING to +6 ring of strength.
 23764 | D:13     | Noticed Josephine
 23772 | D:13     | 23772 ||| INVOKING Berserk.
 23778 | D:13     | Killed Josephine
 23925 | D:13     | 23925 ||| Stepping ~*~*~tactically~*~*~ (hiding).
 24019 | D:13     | Found a gate to the Vaults.
 24213 | D:13     | 24213 ||| Stepping ~*~*~tactically~*~*~ (hiding).
 24215 | D:13     | 24215 ||| Stepping ~*~*~tactically~*~*~ (hiding).
 24225 | D:13     | 24225 ||| FLEEEEING.
 24226 | D:13     | 24226 ||| FLEEEEING.
 24227 | D:13     | 24227 ||| FLEEEEING.
 24231 | D:13     | 24231 ||| INVOKING Brothers in Arms.
 24232 | D:13     | 24232 ||| SWAPPING to +0 morningstar.
 24233 | D:13     | 24233 ||| INVOKING Berserk.
 24430 | D:13     | 24430 ||| SWAPPING to +2 vorpal war axe.
 24502 | D:13     | Found a runed translucent gate.
 24502 | D:13     | Found a runed translucent gate.
 24502 | D:13     | Found a runed translucent gate.
 24508 | D:13     | Noticed Ined's ghost (journeyman MiBe)
 24661 | D:13     | 24661 ||| INVOKING Berserk.
 24918 | D:13     | 24918 ||| READING scroll labelled PUJ NEVUCKEASS.
 25019 | D:13     | 25019 ||| READING scroll labelled CAUX GO DIYR.
 25160 | D:14     | 25160 ||| INVOKING Berserk.
 25311 | D:14     | Found an opulent altar of Gozag.
 25623 | D:14     | Identified the ring of Laappyma {rElec Will+}
 25698 | D:14     | Identified the +9 arbalest of Regicide {elec, rElec rC+
                  | Int-3}
 25735 | D:14     | 25735 ||| DROPPING ring of Laappyma {rElec Will+}.
 25736 | D:14     | 25736 ||| UPGRADING to +4 ring of evasion.
 25738 | D:14     | 25738 ||| DROPPING +6 ring of strength.
 25768 | D:15     | Entered Level 15 of the Dungeon
 25768 | D:15     | Found a gate leading to a gauntlet.
 25769 | D:15     | 25769 ||| PLANNING GAUNTLET
 25769 | D:15     | 25769 ||| INVOKING Berserk.
 25792 | D:15     | 25792 ||| FLEEEEING.
 25793 | D:15     | 25793 ||| STAIRDANCE
 25901 | D:15     | 25901 ||| Stepping ~*~*~tactically~*~*~ (stealth).
 25908 | Gauntlet | Entered a Gauntlet
 25908 | Gauntlet | Found a transporter.
 25919 | Gauntlet | Found a transporter.
 25922 | Gauntlet | Found a transporter.
 25923 | Gauntlet | Found a transporter.
 25927 | Gauntlet | Found a runed translucent door.
 25929 | Gauntlet | Found a runed translucent door.
 25931 | Gauntlet | Found a transporter.
 25934 | Gauntlet | Found a transporter.
 25935 | Gauntlet | Found a transporter.
 25946 | Gauntlet | Found a transporter.
 25947 | Gauntlet | Found a transporter.
 25951 | Gauntlet | Found a transporter.
 25959 | Gauntlet | Found a transporter.
 25959 | Gauntlet | Found a transporter.
 25960 | Gauntlet | Found a transporter.
 25968 | Gauntlet | Found a transporter.
 26081 | Gauntlet | 26081 ||| DRINKING 2 murky dark potions.
 26081 | Gauntlet | Reached XP level 16. HP: 106/106 MP: 16/16
 26082 | Gauntlet | 26082 ||| DRINKING potion of experience.
 26082 | Gauntlet | Reached skill level 15 in Fighting
 26082 | Gauntlet | Reached XP level 17. HP: 113/113 MP: 17/17
 26121 | Gauntlet | 26121 ||| DROPPING +0 morningstar.
 26154 | Gauntlet | 26154 ||| Stepping ~*~*~tactically~*~*~ (stealth).
 26187 | Gauntlet | 26187 ||| UPGRADING to +2 cloak of poison resistance.
 26197 | Gauntlet | 26197 ||| DROPPING +1 cloak.
 26234 | Gauntlet | 26234 ||| DROPPING amulet of faith.
 26240 | Gauntlet | 26240 ||| INVOKING Brothers in Arms.
 26241 | Gauntlet | 26241 ||| INVOKING Brothers in Arms.
 26242 | Gauntlet | 26242 ||| INVOKING Brothers in Arms.
 26243 | Gauntlet | 26243 ||| INVOKING Brothers in Arms.
 26244 | Gauntlet | 26244 ||| INVOKING Brothers in Arms.
 26245 | Gauntlet | 26245 ||| INVOKING Brothers in Arms.
 26246 | Gauntlet | 26246 ||| INVOKING Berserk.
 26431 | Gauntlet | Identified the amulet of Feyfircheat {rF+ Regen+}
 26432 | Gauntlet | 26432 ||| Stepping ~*~*~tactically~*~*~ (stealth).
 26433 | Gauntlet | 26433 ||| Stepping ~*~*~tactically~*~*~ (stealth).
 26520 | D:15     | 26520 ||| PLANNING D
 26538 | D:15     | 26538 ||| INVOKING Berserk.
 26775 | D:15     | Found a broken altar of Ashenzari.
 26778 | D:15     | 26778 ||| SWAPPING to +1 morningstar of holy wrath.
 26780 | D:15     | 26780 ||| INVOKING Berserk.
 26794 | D:15     | 26794 ||| SWAPPING to +2 vorpal war axe.
 26915 | D:15     | 26915 ||| SWAPPING to +1 morningstar of holy wrath.
 26916 | D:15     | 26916 ||| INVOKING Berserk.
 26926 | D:15     | 26926 ||| SWAPPING to +2 vorpal war axe.
 27074 | D:15     | 27074 ||| INVOKING Trog's Hand.
 27075 | D:15     | Found a staircase to the Depths.
 27083 | D:15     | 27083 ||| SWAPPING to +1 morningstar of holy wrath.
 27084 | D:15     | 27084 ||| INVOKING Berserk.
 27101 | D:15     | 27101 ||| SWAPPING to +2 vorpal war axe.
 27235 | D:15     | 27235 ||| Stepping ~*~*~tactically~*~*~ (hiding).
 27296 | D:15     | Noticed Rupert
 27297 | D:15     | 27297 ||| INVOKING Trog's Hand.
 27298 | D:15     | 27298 ||| INVOKING Berserk.
 27317 | D:15     | Killed Rupert
 27467 | D:15     | Found a basalt altar of Yredelemnul.
 27522 | D:15     | 27522 ||| Stepping ~*~*~tactically~*~*~ (stealth).
 27525 | D:15     | 27525 ||| Stepping ~*~*~tactically~*~*~ (stealth).
 27527 | D:15     | 27527 ||| Stepping ~*~*~tactically~*~*~ (stealth).
 27530 | D:15     | 27530 ||| SWAPPING to +1 morningstar of holy wrath.
 27531 | D:15     | 27531 ||| INVOKING Berserk.
 27589 | D:15     | 27589 ||| SWAPPING to +2 vorpal war axe.
 27912 | D:15     | Found Educuane's Armour Boutique.
 27920 | D:15     | 27920 ||| BUYING +1 pair of gloves "Sikh" {rPois} (351
                  | gold).
 27920 | D:15     | Bought the +1 pair of gloves "Sikh" {rPois} for 351 gold
                  | pieces
 27954 | D:15     | Found an ancient bone altar of Kikubaaqudgha.
 28076 | D:15     | 28076 ||| PLANNING ORC
 28076 | D:15     | 28076 ||| UPGRADING to +1 pair of gloves "Sikh" {rPois}.
 28257 | Orc:1    | Entered Level 1 of the Orcish Mines
 28264 | Orc:1    | Found Oshisu's Antique Weapon Shop.
 28273 | Orc:1    | 28273 ||| BUYING runed war axe (182 gold).
 28273 | Orc:1    | Bought a runed war axe for 182 gold pieces
 28273 | Orc:1    | 28273 ||| SWAPPING to +2 war axe of electrocution.
 28274 | Orc:1    | 28274 ||| DROPPING +2 vorpal war axe.
 28287 | Orc:1    | Reached skill level 6 in Throwing
 28384 | Orc:1    | Found Ydesefyt's Armour Emporium.
 28594 | Orc:2    | Entered Level 2 of the Orcish Mines
 28600 | Orc:2    | Noticed Azrael
 28620 | Orc:2    | Reached XP level 18. HP: 83/119 MP: 18/18
 28629 | Orc:2    | Killed Azrael
 28692 | Orc:2    | 28692 ||| FLEEEEING.
 28694 | Orc:2    | 28694 ||| STAIRDANCE
 28766 | Orc:1    | 28766 ||| DROPPING +1 morningstar of holy wrath.
 28798 | Orc:2    | 28798 ||| Stepping ~*~*~tactically~*~*~ (stealth).
 28799 | Orc:2    | 28799 ||| Stepping ~*~*~tactically~*~*~ (stealth).
 28800 | Orc:2    | 28800 ||| Stepping ~*~*~tactically~*~*~ (stealth).
 28840 | Orc:2    | 28840 ||| FLEEEEING.
 28841 | Orc:2    | 28841 ||| FLEEEEING.
 28842 | Orc:2    | 28842 ||| FLEEEEING.
 28843 | Orc:2    | 28843 ||| FLEEEEING.
 28844 | Orc:2    | 28844 ||| FLEEEEING.
 28845 | Orc:2    | 28845 ||| FLEEEEING.
 28846 | Orc:2    | 28846 ||| FLEEEEING.
 28847 | Orc:2    | 28847 ||| FLEEEEING.
 28848 | Orc:2    | 28848 ||| FLEEEEING.
 28849 | Orc:2    | 28849 ||| FLEEEEING.
 28850 | Orc:2    | 28850 ||| FLEEEEING.
 28851 | Orc:2    | 28851 ||| STAIRDANCE
 28955 | Orc:2    | 28955 ||| STAIRDANCE
 28962 | Orc:2    | 28962 ||| STAIRDANCE
 29006 | Orc:2    | 29006 ||| STAIRDANCE
 29014 | Orc:2    | 29014 ||| STAIRDANCE
 29019 | Orc:2    | 29019 ||| STAIRDANCE
 29025 | Orc:2    | 29025 ||| STAIRDANCE
 29034 | Orc:2    | 29034 ||| STAIRDANCE
 29204 | Orc:2    | 29204 ||| Stepping ~*~*~tactically~*~*~ (stealth).
 29206 | Orc:2    | 29206 ||| Stepping ~*~*~tactically~*~*~ (stealth).
 29211 | Orc:2    | 29211 ||| Stepping ~*~*~tactically~*~*~ (stealth).
 29212 | Orc:2    | 29212 ||| Stepping ~*~*~tactically~*~*~ (stealth).
 29289 | Orc:2    | Noticed Maurice
 29290 | Orc:2    | 29290 ||| FLEEEEING.
 29291 | Orc:2    | 29291 ||| FLEEEEING.
 29292 | Orc:2    | 29292 ||| FLEEEEING.
 29303 | Orc:2    | 29303 ||| FLEEEEING.
 29304 | Orc:2    | 29304 ||| FLEEEEING.
 29305 | Orc:2    | 29305 ||| FLEEEEING.
 29306 | Orc:2    | 29306 ||| FLEEEEING.
 29307 | Orc:2    | 29307 ||| FLEEEEING.
 29321 | Orc:2    | 29321 ||| Stepping ~*~*~tactically~*~*~ (hiding).
 29334 | Orc:2    | Killed Maurice
 29376 | Orc:2    | 29376 ||| Stepping ~*~*~tactically~*~*~ (hiding).
 29377 | Orc:2    | 29377 ||| Stepping ~*~*~tactically~*~*~ (hiding).
 29378 | Orc:2    | 29378 ||| Stepping ~*~*~tactically~*~*~ (hiding).
 29379 | Orc:2    | 29379 ||| Stepping ~*~*~tactically~*~*~ (hiding).
 29392 | Orc:2    | 29392 ||| Stepping ~*~*~tactically~*~*~ (hiding).
 29910 | Orc:2    | Found Raitoash's Assorted Antiques.
 29954 | Orc:2    | 29954 ||| SWAPPING to +2 broad axe of freezing.
 29955 | Orc:2    | 29955 ||| DROPPING +2 war axe of electrocution.
 29968 | Orc:2    | Found Miuhefy's General Store.
 30002 | Orc:2    | 30002 ||| BUYING +0 pair of boots of the Ten Summoning Eyes
                  | {Regen+ rCorr Int+3} (397 gold).
 30002 | Orc:2    | Bought the +0 pair of boots of the Ten Summoning Eyes
                  | {Regen+ rCorr Int+3} for 397 gold pieces
 30073 | Orc:2    | 30073 ||| Stepping ~*~*~tactically~*~*~ (hiding).
 30077 | Orc:2    | Noticed Nessos
 30086 | Orc:2    | 30086 ||| Stepping ~*~*~tactically~*~*~ (hiding).
 30086 | Orc:2    | Killed Nessos
 30423 | Orc:2    | 30423 ||| Stepping ~*~*~tactically~*~*~ (hiding).
 30425 | Orc:2    | 30425 ||| Stepping ~*~*~tactically~*~*~ (hiding).
 30481 | Orc:2    | Found a staircase to the Elven Halls.
 30628 | Orc:2    | 30628 ||| Stepping ~*~*~tactically~*~*~ (stealth).
 30638 | Orc:2    | 30638 ||| INVOKING Brothers in Arms.
 30646 | Orc:2    | 30646 ||| INVOKING Berserk.
 30666 | Orc:2    | 30666 ||| INVOKING Brothers in Arms.
 30673 | Orc:2    | HP: 22/119 [orc priest/divine providence (16)]
 30673 | Orc:2    | HP: 7/119 [orc priest/divine providence (15)]
 30674 | Orc:2    | 30674 ||| READING 5 scrolls of teleportation.
 30675 | Orc:2    | 30675 ||| DRINKING 2 potions of heal wounds.
 30675 | Orc:2    | Killed from afar by an orc priest

Levels and vault maps discovered:
D:1:      onia_arrival_handbag, layout_loops_cross, serial_shops,
          nicolae_shop_hallway_plus, shop
D:2:      layout_loops_ring, hellmonk_ecumenical_altar_pennies_from_heaven,
          roderic_roman_lattice, minmay_divided_ellipse
D:3:      layout_basic, serial_shops, nicolae_lakefront_shop
D:4:      layout_loops_corners, mainiacjoe_overflow_swirl,
          minmay_temple_entry_offerings, minmay_manual_macuahuitl
D:5:      layout_loops_cross, mainiacjoe_overflow_surrounded_room,
          grunt_ministairs_2, uniq_eustachio, uniq_menkaure
D:6:      layout_cave_pools, gammafunk_ghost_nasty_kobolds,
          minmay_increasing_density, uniq_grinder, uniq_maggie
D:7:      layout_basic, grunt_temple_overflow_champion_of_chaos,
          nicolae_ru_the_path_less_chosen
D:8:      layout_gridville, uniq_grum
D:9:      layout_irregular_city, dpeg_oklobed_lair, nicolae_titane
D:10:     layout_loops_ring, mainiacjoe_overflow_concentric_impassable,
          nicolae_overflow_crystal_walls, nicolae_hepliaklqana_hazy_memory,
          zombieorc2_lemuel, uniq_fannar, uniq_harold
D:11:     layout_loops_ring
D:12:     layout_cave_pods, minmay_checkerbox
D:13:     minmay_spotlight, layout_cave_pools, skrybe_vaults_entry_preservation,
          gammafunk_ghost_icy, uniq_josephine
D:14:     layout_big_octagon, grunt_gozag_breadcrumbs
D:15:     hangedman_depths_entry_try_elsewhere_first, layout_basic,
          gauntlet_entry_generic, hangedman_abyss_or_decor_stabs, serial_shops,
          nicolae_shop_statue_plus, hangedman_feature_mirror,
          kiku_gazebo_garden_becter, uniq_rupert
Lair:1:   layout_regular_city, serial_bayou_shore_a, lemuel_fruit_fields,
          infiniplex_staircase_pool_2
Lair:2:   nzn_winding_woodlands_medium [nzn_winding_woodlands_5x5_checkerboard,
          nzn_winding_woodlands_5x15_zeroes, nzn_winding_woodlands_5x5_cross,
          nzn_winding_woodlands_5x5_open_star,
          nzn_winding_woodlands_center_garden, nzn_winding_woodlands_hourglass,
          nzn_winding_woodlands_5x5_default,
          nzn_winding_woodlands_5x15_river_crossing,
          nzn_winding_woodlands_5x5_default], layout_long_grid,
          elwin_shoals_entry_rocks, spider_nest_entry_web_field,
          beast_lair_carwin_10
Lair:3:   statuecave_lemuel, layout_chaotic_city, gammafunk_lair_bear_cave
Lair:4:   dragon1_lemuel, layout_cave_shapes, chequers_serial_rivers_large_a,
          minmay_lindwurm_lava, infiniplex_staircase_pool
Lair:5:   hangedman_lair_caniforms_friends, layout_regular_city,
          guppyfry_lair_end_dragon, nicolae_slime_entry_slimehenge,
          serial_bayou, serial_bayou_crossing, serial_bayou_pond_e,
          serial_bayou_pond_e, serial_bayou_ford_a
Orc:1:    layout_caves, serial_shops, nicolae_shop_trees,
          nicolae_lakefront_shop, mines4_lemuel
Orc:2:    pubby_orc_utopia, serial_shops, uniq_azrael, uniq_nessos, uniq_maurice

Skill      XL: |  1  2  3  4  5  6  7  8  9 10 11 12 13 14 15 16 17 18 |
---------------+-------------------------------------------------------+-----
Axes           | 3 4 5 7 8 10 11 13 15 16 | 16.4
Throwing       | 1 2 3 6 7 |  7.0
Armour         | 3 4 6 7 9 10 11 13 14 | 14.5
Fighting       | 4 5 6 8 9 10 11 13 14 15 | 15.3
Shields        | 8 10 11 12 13 14 | 14.3
Dodging        | 2 3 4 |  4.0

Action                   |  1- 3 |  4- 6 |  7- 9 | 10-12 | 13-15 | 16-18 || total
-------------------------+-------+-------+-------+-------+-------+-------++-------
Melee: Hand axe          |   111 |   108 |       |       |       |       ||   219
       War axe           |       |    44 |   221 |   621 |  1104 |   358 ||  2348
       Kick              |       |       |    31 |       |       |       ||    31
       Headbutt          |       |       |    27 |    11 |       |       ||    38
       Punch             |       |       |     2 |     1 |       |       ||     3
       Morningstar       |       |       |       |       |    23 |    44 ||    67
       Broad axe         |       |       |       |       |       |    95 ||    95
Throw: Javelin           |       |    32 |    42 |     5 |       |    45 ||   124
       Boomerang         |       |       |     2 |    16 |   139 |       ||   157
Invok: Berserk           |       |     2 |    13 |    27 |    25 |     8 ||    75
       Trog's Hand       |       |       |     1 |       |       |     2 ||     3
       Brothers in Arms  |       |       |       |       |     5 |     3 ||     8
  Use: Scroll            |     2 |     5 |     6 |     7 |    11 |     1 ||    32
       Potion            |       |     2 |     5 |     3 |     2 |     2 ||    14
 Stab: Confused          |       |       |       |       |     2 |       ||     2
       Petrified         |       |       |       |       |     2 |       ||     2
       Paralysed         |       |       |       |       |     1 |       ||     1
Armor: Animal skin       |    19 |       |       |       |       |       ||    19
       Leather armour    |    23 |     6 |       |       |       |       ||    29
       Plate armour      |       |    64 |   159 |   312 |   632 |   195 ||  1362
Dodge: Dodged            |    79 |    59 |    76 |   131 |   256 |   133 ||   734
Block: Kite shield       |       |       |       |   302 |  1007 |   393 ||  1702
       Reflection        |       |       |       |       |    31 |    13 ||    44

Table legend:
 A = Non-vault XP
 B = Vault XP
 C = Vault XP percentage of total XP
 D = Non-vault monster count
 E = Vault monster count
 F = Vault count percentage of total count
                 A         B        C        D         E       F
            +---------+---------+-------+---------+---------+-------
      Total |   84675 |   69335 |  45.0 |     429 |     358 |  45.5
            +---------+---------+-------+---------+---------+-------
        D:1 |      23 |       6 |  20.7 |      15 |       4 |  21.1
        D:2 |      70 |      58 |  45.3 |      21 |      13 |  38.2
        D:3 |      67 |       0 |   0.0 |      22 |       0 |   0.0
        D:4 |     388 |     150 |  27.9 |      15 |       5 |  25.0
        D:5 |     672 |     377 |  35.9 |      17 |       3 |  15.0
        D:6 |     773 |    1069 |  58.0 |      29 |       9 |  23.7
        D:7 |     899 |      50 |   5.3 |      14 |       1 |   6.7
        D:8 |     825 |     506 |  38.0 |      22 |       4 |  15.4
        D:9 |    1994 |       0 |   0.0 |      15 |       0 |   0.0
       D:10 |    4414 |    2467 |  35.9 |      20 |      38 |  65.5
       D:11 |    3544 |       0 |   0.0 |      15 |       0 |   0.0
       D:12 |    8162 |    1742 |  17.6 |      26 |       4 |  13.3
       D:13 |    5835 |    7878 |  57.4 |      10 |      17 |  63.0
       D:14 |    5536 |       0 |   0.0 |      14 |       0 |   0.0
       D:15 |    6754 |    6586 |  49.4 |      15 |       7 |  31.8
     Lair:1 |   10027 |       0 |   0.0 |      36 |       0 |   0.0
     Lair:2 |    4844 |    6083 |  55.7 |      17 |      23 |  57.5
     Lair:3 |    4412 |     631 |  12.5 |      11 |       3 |  21.4
     Lair:4 |    7321 |     870 |  10.6 |      22 |       1 |   4.3
     Lair:5 |   16373 |   14662 |  47.2 |      46 |      80 |  63.5
      Orc:1 |    1742 |    2048 |  54.0 |      27 |      11 |  28.9
      Orc:2 |       0 |   17738 | 100.0 |       0 |     117 | 100.0
   Gauntlet |       0 |    6414 | 100.0 |       0 |      18 | 100.0
            +---------+---------+-------+---------+---------+-------
